 Dungeon Crawl Stone Soup version 0.21.0 (webtiles) character file.

130 tidbits the Sneak (level 4, 18/18 HPs)
             Began as a Felid Earth Elementalist on Jan 6, 2018.
             Quit the game on level 6 of the Dungeon.
             The game lasted 00:05:03 (481 turns).

tidbits the Sneak (Felid Earth Elementalist)         Turns: 481, Time: 00:05:03

Health: 18/18      AC:  1    Str:  5    XL:     4   Next: 90%
Magic:  17/17      EV: 18    Int: 17    God:
Gold:   58         SH:  0    Dex: 16    Spells: 2/7 levels left
                                        Lives:  0   Deaths: 1

rFire    . . .     SeeInvis +     - Unarmed
rCold    . . .     Gourm    .   (shield unavailable)
rNeg     . . .     Faith    .   (armour unavailable)
rPois    .         Spirit   .   (helmet unavailable)
rElec    .         Reflect  .   (cloak unavailable)
rCorr    .         Harm     .   (gloves unavailable)
MR       .....                  (boots unavailable)
Stlth    ++++......             f - amulet of regeneration
HPRegen  0.06/turn              h - ring of magical power
MPRegen  0.15/turn              (no ring)

@: quick
A: very small, no armour, no weapons or thrown items, stealth, claws 1, fangs 3,
see invisible, carnivore, speed 1, shaggy fur 1, slow metabolism 1, sharp paws
a: no special abilities


You were on level 6 of the Dungeon.
You were not hungry.

You visited 1 branch of the dungeon, and saw 6 of its levels.

You collected 58 gold pieces.

Inventory:

Missiles
 b - 43 stones
Jewellery
 e - an uncursed amulet of the gourmand
   (You found it on level 2 of the Dungeon)
 f - an amulet of regeneration (around neck)
   (You found it on level 2 of the Dungeon)
 h - a ring of magical power (left paw)
   (You found it on level 2 of the Dungeon)
Wands
 i - a wand of scattershot (1)
 l - a wand of enslavement (23)
 p - a wand of paralysis (18)
Scrolls
 a - 4 scrolls of teleportation
 g - a scroll of remove curse {unknown}
Books
 d - a book of Geomancy

   Spells                             Type                      Level
   a - Sandblast                      Earth                        1
   b - Passwall                       Transmutation/Earth          2
   c - Stone Arrow                    Conjuration/Earth            3
   d - Petrify                        Transmutation/Earth          4
   e - Lee's Rapid Deconstruction     Earth                        5
 j - a book of Minor Magic
   (You found it on level 3 of the Dungeon)

   Spells                             Type                      Level
   a - Magic Dart                     Conjuration                  1
   b - Blink                          Translocation                2
   c - Call Imp                       Summoning                    2
   d - Slow                           Hexes                        2
   e - Conjure Flame                  Conjuration/Fire             3
   f - Mephitic Cloud                 Conjuration/Poison/Air       3
 m - a book of Misfortune
   (You found it on level 6 of the Dungeon)

   Spells                             Type                      Level
   a - Confusing Touch                Hexes                        1
   b - Confuse                        Hexes                        3
   c - Gell's Gravitas                Translocation                3
   d - Petrify                        Transmutation/Earth          4
   e - Metabolic Englaciation         Hexes/Ice                    5
   f - Yara's Violent Unravelling     Hexes/Transmutation          5
Comestibles
 c - 4 rations


   Skills:
 - Level 2.6 Dodging
 + Level 6.5 Stealth
 + Level 4.0 Unarmed Combat
 - Level 2.0 Spellcasting
 - Level 1.1 Transmutations
 - Level 2.6 Earth Magic


You had 2 spell levels left.
You knew the following spells:

 Your Spells              Type           Power        Failure   Level  Hunger
a - Sandblast             Erth           ##....       6%          1    #......
b - Blink                 Tloc           N/A          28%         2    ###....
p - Passwall              Tmut/Erth      #.........   14%         2    ###....


Dungeon Overview and Level Annotations

Branches:
Dungeon (6/15)
 Temple: D:4-7

Altars:
Kikubaaqudgha


Innate Abilities, Weirdness & Mutations

You cannot wear armour.
You are incapable of wielding weapons or throwing items.
Your paws allow you to move quietly. (Stealth)
You have sharp claws.
You have razor-sharp teeth.
You have supernaturally acute eyesight. (SInv)
You are carnivorous and can eat meat at any time.
You cover ground quickly.
You are covered in fur. (AC +1)
You have a slow metabolism.
Your sharp claws are effective at attacking unaware monsters.


Message History

Casting: Sandblast
Confirm with . or Enter, or press ? or * to list all spells.
Aiming: Sandblast
Press: ? - help, Shift-Dir - straight line, f/p - howler monkey
Aim: a howler monkey (heavily wounded, catching its breath)
The blast of sand hits the howler monkey.
The howler monkey is almost dead.
b - 46 stones The howler monkey hits you but does no damage.
Casting: Sandblast
Confirm with . or Enter, or press ? or * to list all spells.
Aiming: Sandblast
Press: ? - help, Shift-Dir - straight line, f/p - howler monkey
Aim: a howler monkey (almost dead)
The blast of sand misses the howler monkey.
b - 45 stones The howler monkey barely misses you.
Casting: Sandblast
Confirm with . or Enter, or press ? or * to list all spells.
Aiming: Sandblast
Press: ? - help, Shift-Dir - straight line, f/p - howler monkey
Aim: a howler monkey (almost dead)
You miscast Sandblast.
You are very lightly contaminated with residual magic.
Nothing appears to happen.
The howler monkey hits you.
* * * LOW HITPOINT WARNING * * *
The howler monkey hits you.
* * * LOW HITPOINT WARNING * * *
Casting: Sandblast
Confirm with . or Enter, or press ? or * to list all spells.
Aiming: Sandblast
Press: ? - help, Shift-Dir - straight line, f/p - howler monkey
Aim: a howler monkey (almost dead)
The blast of sand hits the howler monkey.
You kill the howler monkey!
Your Unarmed Combat skill increases to level 3!
You have reached level 5!
You feel clever.
b - 44 stones An adder skeleton comes into view.
Okay, then.
Okay, then.
Okay, then.
Unknown command.
Unknown command.
Unknown command.
A gnoll comes into view.
Found a ration. 2 gnolls come into view.
A centaur comes into view.
Casting: Sandblast
Confirm with . or Enter, or press ? or * to list all spells.
Aiming: Sandblast
Press: ? - help, Shift-Dir - straight line, f - adder skeleton
Aim: an adder skeleton The blast of sand hits the adder skeleton.
The adder skeleton is severely damaged.
b - 43 stones The centaur shouts!
You hear a bark!
You feel very mighty all of a sudden. The adder skeleton closely misses you.
A hound comes into view.
You claw the adder skeleton!
You destroy the adder skeleton!
The centaur wields a shortbow.
The centaur shoots an arrow.
The arrow misses you.
The centaur unwields an uncursed shortbow.
The centaur closely misses you.
You claw the centaur!
The centaur is severely wounded.
The centaur closely misses you.
You scratch the centaur.
The centaur is almost dead.
The centaur barely misses you. The centaur misses you.
You scratch the centaur. You bite the centaur.
You kill the centaur!
Your Stealth skill increases to level 6!
The gnoll completely misses you. The hound bites you.
* * * LOW HITPOINT WARNING * * *
A gnoll comes into view. It is wielding a flail of draining.
You claw the hound!
You kill the hound!
Your Unarmed Combat skill increases to level 4!
The gnoll barely misses you.
An adder comes into view.
Things that are here:
an uncursed shortbow; 17 arrows The adder hisses angrily.
The gnoll closely misses you.
You scratch the gnoll.
The gnoll is moderately wounded.
The gnoll hits you with a flail of draining!
You die...
You feel drained. The gnoll hits you!
You are now level 4!
You rejoin the land of the living...
Found 17 sling bullets.
Unknown command.
Unknown command.
Are you sure you want to abandon this character and quit the game? (Confirm with "yes".)

# #g# ###.#
#..g# . #.#[#
.. .....#
..##.#.# g..
....(#
###.##.######.#
.(.....@.....#
##############


There were no monsters in sight!

Vanquished Creatures
  A centaur (D:6)
  A howler monkey (D:6)
  A hound (D:6)
  A worker ant (D:5)
  3 gnolls (D:3)
  3 adders
  An ooze (D:3)
  2 adder skeletons
  A leopard gecko (D:3)
  A giant cockroach (D:4)
  A hobgoblin (D:2)
  5 jackals
  A kobold (D:1)
  3 bats
  A goblin (D:3)
  2 rats (D:2)
28 creatures vanquished.

Notes
Turn   | Place    | Note
-------+----------+-------------------------------------------
     0 | D:1      | tidbits the Felid Earth Elementalist began the quest for the Orb.
     0 | D:1      | Reached XP level 1. HP: 7/7 MP: 4/4
    31 | D:2      | Reached skill level 3 in Stealth
    31 | D:2      | Reached skill level 1 in Unarmed Combat
    31 | D:2      | Reached XP level 2. HP: 8/11 MP: 0/6
    54 | D:2      | Found an ancient bone altar of Kikubaaqudgha.
   213 | D:2      | Reached skill level 4 in Stealth
   219 | D:2      | Reached XP level 3. HP: 6/14 MP: 5/7
   270 | D:3      | Reached skill level 2 in Unarmed Combat
   283 | D:3      | Reached XP level 4. HP: 3/18 MP: 6/8
   295 | D:3      | Learned a level 2 spell: Passwall
   298 | D:3      | Learned a level 2 spell: Blink
   398 | D:5      | Entered Level 5 of the Dungeon
   433 | D:5      | Reached skill level 5 in Stealth
   466 | D:6      | Reached skill level 3 in Unarmed Combat
   466 | D:6      | Reached XP level 5. HP: 2/21 MP: 9/9
   470 | D:6      | Noticed a centaur
   476 | D:6      | Killed a centaur
   476 | D:6      | Reached skill level 6 in Stealth
   476 | D:6      | HP: 1/21 [hound (2)]
   477 | D:6      | Reached skill level 4 in Unarmed Combat
   480 | D:6      | Mangled by a gnoll
   481 | D:6      | Reached XP level 4. HP: -9/18 MP: 12/17
   481 | D:6      | Quit the game

Skill      XL: |  1  2  3  4  5 |
---------------+----------------+-----
Stealth        | 3 4 5 6 |  6.5
Unarmed Combat | 1 2 3 4 |  4.0
Dodging        | |  2.6
Spellcasting   | |  2.0
Transmutations | |  1.1
Earth Magic    | |  2.6

Action                   |  1- 3 |  4- 6 || total
-------------------------+-------+-------++-------
Melee: Unarmed           |    19 |    12 ||    31
       Bite              |     2 |     2 ||     4
 Cast: Sandblast         |    17 |    10 ||    27
Evoke: Wand              |     1 |     2 ||     3
  Use: Scroll            |     2 |     1 ||     3
       Potion            |       |     1 ||     1
 Stab: Sleeping          |     3 |     1 ||     4
Armor: Skin              |     4 |     1 ||     5
Dodge: Dodged            |    23 |    16 ||    39

Table legend:
 A = Turns spent in this place as a percentage of turns spent in the entire game.
 B = Non-inter-level travel turns spent in this place as a percentage of non-inter-level travel turns spent in the entire game.
 C = Inter-level travel turns spent in this place as a percentage of turns spent in this place.
 D = Turns resting spent in this place as a percentage of non-inter-level travel turns spent in this place.
 E = Turns spent auto-exploring this place as a percentage of non-inter-level travel turns spent in this place.
 F = Non-inter-level travel turns spent in this place divided by the number of levels of this place that you've seen.
                   A       B       C       D       E      F
               +-------+-------+-------+-------+-------+----------------------
         Total | 100.0 | 100.0 |   2.7 |   0.0 |   0.0 |  78.0
       Dungeon | 100.0 | 100.0 |   2.7 |   0.0 |   0.0 |  78.0
               +-------+-------+-------+-------+-------+----------------------

Table legend:
 A = Kills in this place as a percentage of kills in entire the game.
 B = Kills by you in this place as a percentage of kills by you in the entire game.
 C = Kills by friends in this place as a percentage of kills by friends in the entire game.
 D = Other kills in this place as a percentage of other kills in the entire game.
 E = Experience gained in this place as a percentage of experience gained in the entire game.
 F = Experience gained in this place divided by the number of levels of this place that you have seen.
                   A       B       C       D       E      F
               +-------+-------+-------+-------+-------+----------------------
         Total | 100.0 | 100.0 |   N/A |   N/A | 100.0 |  60.7
       Dungeon | 100.0 | 100.0 |   N/A |   N/A | 100.0 |  60.7
               +-------+-------+-------+-------+-------+----------------------

Vault maps used:
D:1:      lightli_arrival_boilingwater
D:2:      lemuel_upstairs_altar, kiku_gazebo_pond_becter,
          nemelex_dance_club_becter
D:3:      first_ration, uniq_grinder
D:4:      roderic_lattice_a, wad_rectangle_vault
D:5:      minmay_temple_entry_glass
D:6:      grunt_decor_fettered
